 Dungeon Crawl Stone Soup version 0.26.0-10-g1f06aea511 (webtiles) character file.

Game seed: 17584956185527604323

74 gruber the Stinger (level 4, 0/27 HPs)
             Began as an Octopode Venom Mage on Jan 15, 2021.
             Slain by a kobold
             ... wielding a +0 whip
              (4 damage)
             ... on level 2 of the Dungeon.
             The game lasted 00:01:57 (2485 turns).

gruber the Stinger (Octopode Venom Mage)            Turns: 2485, Time: 00:01:58

Health: 0/27       AC:  1    Str:  7    XL:     4   Next: 28%
Magic:  7/7        EV: 13    Int: 18    God:
Gold:   57         SH:  0    Dex: 12    Spells: 6/7 levels left

rFire    . . .     SeeInvis .   (no weapon)
rCold    . . .     Faith    .   (no shield)
rNeg     . . .     Spirit   .   (helmet restricted)
rPois    .         Reflect  .   (no amulet)
rElec    .         Harm     .   (no ring)
rCorr    .         Rampage  .   (no ring)
Will     .....                  (no ring)
Stlth    +++.......             (no ring)
HPRegen  0.09/turn              (no ring)
MPRegen  0.10/turn              (no ring)
                                (no ring)
                                (no ring)

@: no status effects
A: almost no armour, stealthy swim, amphibious, 8 rings, constrict 8, camouflage
1, gelatinous body 1
a: no special abilities


You were on level 2 of the Dungeon.
You visited 1 branch of the dungeon, and saw 2 of its levels.

You collected 57 gold pieces.

Inventory:

Missiles
 b - 3 curare-tipped darts
Scrolls
 a - a scroll of enchant armour {unknown}
 d - 2 scrolls of identify {unknown}
 e - a scroll of teleportation {unknown}
 h - a scroll of fear {unknown}
Potions
 c - a potion of resistance {unknown}
 f - a potion of magic {unknown}
 g - a potion of flight {unknown}


   Skills:
 - Level 2.0 Dodging
 - Level 2.6 Stealth
 - Level 2.0 Spellcasting
 - Level 1.0 Transmutations
 + Level 6.0 Poison Magic


You had 6 spell levels left.
You knew the following spells:

 Your Spells              Type           Power        Failure   Level
a - Sting                 Tmut/Pois      56%          4%          1

Your spell library contained the following spells:

 Spells                   Type           Power        Failure   Level
 Poisonous Vapours        Pois/Air       24%          8%          2
 Olgreb's Toxic Radiance  Pois           23%          16%         4
 Ignite Poison            Fire/Tmut/Pois 10%          21%         3
 Mephitic Cloud           Conj/Pois/Air  9%           24%         3


Dungeon Overview and Level Annotations

Branches:
Dungeon (2/15)

Altars:


Innate Abilities, Weirdness & Mutations

You cannot wear most types of armour.
You are very stealthy in the water. (Stealth+)
You are amphibious.
You can wear up to eight rings at the same time.
You can use your tentacles to constrict eight enemies at once.
Your skin changes colour to match your surroundings (Stealth+).
Your rubbery body absorbs attacks. (AC +1, EV +1)


Message History

The ooze closely misses you.
You barely miss the ooze. The ooze closely misses you.
You tentacle-slap the ooze. You squeeze the ooze.
The ooze is moderately wounded.
The ooze hits you.
You tentacle-slap the ooze.
The ooze is moderately wounded.
The ooze hits you.
You tentacle-slap the ooze but do no damage.
The ooze is moderately wounded.
The ooze hits you.
You tentacle-slap the ooze but do no damage.
The ooze is moderately wounded.
The ooze closely misses you.
You tentacle-slap the ooze.
The ooze is heavily wounded.
The ooze hits you. The kobold hits you with a +0 whip.
* * * LOW HITPOINT WARNING * * *
The kobold hits you with a +0 whip.
You die...

### .####.......... #..
.........#####. #.#
######.## ## #.# #.#
##.## #.# ... ##'## #.#
##...## # #####J####
##.....## #
#....K@..###.......## #
#..#...#.##..[......###
#.=....>..†.........+..
#......#.##.........###
#.###.##.###.......## #
#. #.##.# ##.....## # #
#?##.# ##...## # .. ..#
##+## # #. ### #.# #


You could see an ooze and a kobold.

Vanquished Creatures
  Natasha (D:2)
  A worm (D:2)
  3 dart slugs (D:1)
  A leopard gecko (D:1)
  2 ball pythons
  8 bats
  A giant cockroach (D:1)
  5 goblins
  3 hobgoblins
  5 kobolds
  2 frilled lizards (D:1)
  5 rats
37 creatures vanquished.

Notes
Turn   | Place    | Note
-------+----------+-------------------------------------------
     0 | D:1      | gruber the Octopode Venom Mage began the quest for the Orb.
     0 | D:1      | Reached XP level 1. HP: 11/11 MP: 3/3
    74 | D:1      | Reached skill level 4 in Poison Magic
   340 | D:1      | Reached XP level 2. HP: 17/17 MP: 5/5
  1034 | D:1      | Reached XP level 3. HP: 13/21 MP: 1/6
  1037 | D:1      | Reached skill level 5 in Poison Magic
  2347 | D:2      | Noticed Natasha
  2358 | D:2      | Killed Natasha
  2359 | D:2      | Reached skill level 6 in Poison Magic
  2359 | D:2      | Reached XP level 4. HP: 15/27 MP: 1/7
  2485 | D:2      | Slain by a kobold

Illustrated notes

Levels and vault maps discovered:
D:1:      minmay_arrival_checkered_box, layout_basic
D:2:      layout_loops_corners, uniq_natasha, uniq_robin

Skill      XL: |  1  2  3 |
---------------+----------+-----
Poison Magic   | 4 6 |  6.0
Dodging        | |  2.0
Stealth        | |  2.6
Spellcasting   | |  2.0
Transmutations | |  1.0

Action                   |  1- 3 |  4- 6 || total
-------------------------+-------+-------++-------
Melee: Unarmed           |    83 |     6 ||    89
       Constrict         |    26 |       ||    26
       Tentacles         |    15 |     1 ||    16
 Cast: Sting             |    34 |       ||    34
 Stab: Sleeping          |     6 |       ||     6
Armor: Skin              |    20 |       ||    20
Dodge: Dodged            |    85 |     3 ||    88
